 Dungeon Crawl Stone Soup version 0.28-a0-674-gdaf460b524 (webtiles) character file.

Game seed: 566151898644920862

118002 porpoise the Eclecticist (level 16, -1/92 HPs)
             Began as a Deep Elf Conjurer on Oct 17, 2021.
             Was the Champion of Vehumet.
             Shot with an arrow by a deep elf archer (20 damage)
             ... on level 1 of the Elven Halls on Oct 18, 2021.
             The game lasted 03:13:13 (37404 turns).

porpoise the Eclecticist (Deep Elf Conjurer)       Turns: 37404, Time: 03:13:14

Health: -1/92      AC: 24    Str:  9    XL:     16   Next: 24%
Magic:  39/39      EV: 17    Int: 33    God:    Vehumet [******]
Gold:   1908       SH:  8    Dex: 15    Spells: 15/49 levels left

rFire   + + .      SeeInvis +   b - +1 hunting sling (vorpal)
rCold   . . .      Faith    .   n - +2 buckler "Reol" {Str+3 Dex+2}
rNeg    . . .      Spirit   .   k - +4 acid dragon scales of Exclusion {rPois rF+ rC- Regen+ rCorr}
rPois   +          Reflect  .   I - +2 helmet {SInv}
rElec   +          Harm     .   l - +0 cloak
rCorr   +          Rampage  +   t - +2 pair of gloves
Will    ++...                   B - +4 pair of boots "Jyelon" {Rampage rPois Stlth+}
Stlth   ++++......              E - amulet "Loacw" {RegenMP *Corrode rElec rC+}
HPRegen 1.25/turn               p - ring of willpower
MPRegen 0.51/turn               N - ring "Dymeff" {rF+ Int+4}

@: no status effects
A: no striking features
a: Renounce Religion


You were on level 1 of the Elven Halls.
You worshipped Vehumet.
Vehumet was exalted by your worship.
You visited 5 branches of the dungeon, and saw 25 of its levels.
You also visited: Bailey, Gauntlet and Ice Cave.

You collected 3061 gold pieces.
You spent 1153 gold pieces at shops.

Inventory:

Hand Weapons
 b - a +1 vorpal hunting sling (weapon)
 w - a +5 short sword
Missiles
 f - 190 sling bullets (quivered ammo)
 G - 5 boomerangs of dispersal
 H - 5 boomerangs
 T - 12 atropa-tipped darts
Armour
 c - +1 ice dragon scales
 k - the +4 acid dragon scales of Exclusion (worn) {rPois rF+ rC- Regen+ rCorr}
   (You found it on level 1 of the Lair of Beasts)

   rF:        It protects you from fire.
   rC:        It makes you vulnerable to cold.
   rPois:     It protects you from poison.
   Regen:     It increases your rate of health regeneration.
   rCorr:     It protects you from acid and corrosion.
 l - a +0 cloak (worn)
 n - the +2 buckler "Reol" (worn) {Str+3 Dex+2}
   (You found it on level 2 of the Lair of Beasts)

   Str:       It affects your strength (+3).
   Dex:       It affects your dexterity (+2).
 t - a +2 pair of gloves (worn)
 y - a +0 pair of boots of rampaging
 B - the +4 pair of boots "Jyelon" (worn) {Rampage rPois Stlth+}
   (You bought it in a shop on level 1 of the Orcish Mines)

   rPois:     It protects you from poison.
   Rampage:   It bestows one free step when moving towards enemies.
   Stlth:     It makes you more stealthy.
 F - the +0 leather armour "Riecw" {Str+3}
   (You bought it in a shop on level 1 of the Orcish Mines)

   Str:       It affects your strength (+3).
 I - a +2 helmet of see invisible (worn)
 K - a +1 pair of boots
Magical Staves
 a - a staff of conjuration
Jewellery
 p - a ring of willpower (left hand)
 D - a ring of protection from cold
 E - the amulet "Loacw" (around neck) {RegenMP *Corrode rElec rC+}
   (You took it off a centaur warrior on level 14 of the Dungeon)

   [amulet of magic regeneration]

   It increases your rate of magic regeneration.
   rC:        It protects you from cold.
   rElec:     It insulates you from electricity.
   *Corrode:  It may corrode you when you take damage.
 N - the ring "Dymeff" (right hand) {rF+ Int+4}
   (You found it in a Gauntlet)

   [ring of protection from fire]

   Int:       It affects your intelligence (+4).
   rF:        It protects you from fire.
Wands
 v - a wand of flame (129)
 x - a wand of charming (12)
 C - a wand of iceblast (3)
 J - a wand of digging (7)
 O - a wand of polymorph (21)
 W - a wand of acid (22)
Scrolls
 d - 6 scrolls of teleportation
 e - 3 scrolls of noise
 g - 8 scrolls of identify
 h - 6 scrolls of fear
 i - a scroll of enchant armour
 m - a scroll of summoning
 o - a scroll of holy word
 q - a scroll of amnesia
 L - 3 scrolls of fog
Potions
 j - 3 potions of haste
 r - 4 potions of lignification
 s - 11 potions of curing
 z - 3 potions of invisibility
 A - 2 potions of ambrosia
 P - 5 potions of heal wounds
 R - a potion of resistance
Miscellaneous
 u - a phantom mirror
 M - a lightning rod (4/4)
 U - a phial of floods


   Skills:
 - Level 7.0 Fighting
 - Level 5.0 Armour
 - Level 12.0 Dodging
 - Level 7.0 Stealth
 - Level 7.0 Shields
 + Level 17.1 Spellcasting
 + Level 12.9 Conjurations
 - Level 14.0 Hexes
 - Level 9.0 Translocations
 - Level 9.2 Fire Magic
 - Level 7.0 Air Magic
 - Level 5.0 Evocations


You had 15 spell levels left.
You knew the following spells:

 Your Spells              Type           Power      Damage    Failure   Level
a - Magic Dart            Conj           100%       1d8       0%          1
b - Searing Ray           Conj           100%       2d8       0%          2
c - Fulminant Prism       Conj/Hex       43%        3d20      1%          4
d - Iskenderun's Mystic   Conj/Tloc      79%        2d16      1%          4
e - Airstrike             Air            32%        N/A       1%          4
f - Fireball              Conj/Fire      39%        3d16      1%          5
k - Lesser Beckoning      Tloc           73%        N/A       1%          3
l - Blink                 Tloc           N/A        N/A       1%          2
p - Iskenderun's Battles  Conj           85%        2d13      1%          5
w - Flame Wave            Conj/Fire      79%        3d13      1%          4

Your spell library contained the following spells:

 Spells                   Type           Power      Damage    Failure   Level
 Iron Shot                Conj/Erth      31%        9d6       7%          6
 Foxfire                  Conj/Fire      100%       2x1d9     0%          1
 Freeze                   Ice            100%       1d11      1%          1
 Shock                    Conj/Air       100%       1d9       1%          1
 Conjure Flame            Conj/Fire      79%        6-21      1%          3
 Dazzling Flash           Conj/Hex       100%       N/A       1%          3
 Frozen Ramparts          Ice            56%        1d7       1%          3
 Ignite Poison            Fire/Tmut/Pois 48%        N/A       1%          3
 Inner Flame              Hex/Fire       81%        N/A       1%          3
 Portal Projectile        Hex/Tloc       100%       N/A       1%          3
 Swiftness                Air            65%        N/A       1%          3
 Cause Fear               Hex            44%        N/A       1%          4
 Hailstorm                Conj/Ice       63%        3d13      1%          4
 Leda's Liquefaction      Hex/Erth       32%        N/A       1%          4
 Sticky Flame             Conj/Fire      79%        2d9       1%          4
 Irradiate                Conj/Tmut      31%        3d24      1%          5
 Manifold Assault         Tloc           73%        N/A       1%          5
 Pain                     Necr           100%       1d9       2%          1
 Call Canine Familiar     Summ           28%        N/A       7%          3
 Ozocubu's Armour         Ice            28%        N/A       7%          3
 Discord                  Hex            44%        N/A       43%         8
 Agony                    Necr           28%        N/A       52%         5
 Blade Hands              Tmut           14%        N/A       52%         5
 Excruciating Wounds      Necr           14%        N/A       52%         5
 Ozocubu's Refrigeration  Ice            14%        4d7       98%         7
 Dragon Form              Tmut           14%        N/A       100%        7
 Dragon's Call            Summ           14%        N/A       100%        9


Dungeon Overview and Level Annotations

Branches:
Dungeon (15/15)            Temple (1/1) D:7            Lair (6/6) D:8
 Shoals (0/4) Lair:2       Spider (0/4) Lair:2        Slime (0/5) Lair:6
    Orc (2/2) D:12            Elf (1/3) Orc:2        Vaults (0/5) D:14
 Depths (0/4) D:15         Bailey (visited)           IceCv (visited)
Gauntlet (visited)

Altars:
Ashenzari
Cheibriados
Dithmenos
Elyvilon
Fedhas
Gozag
Hepliaklqana
Kikubaaqudgha
Makhleb
Nemelex Xobeh
Okawaru
Qazlal
Ru
Sif Muna
Trog
Uskayaw
Vehumet
Wu Jian
Xom
Yredelemnul
Zin
The Shining One
Beogh
Jiyva
Lugonu

Shops:
D:15 ?   Orc:1 [   Orc:2 *[[!

Portals:
Abyss: Lair:6
Trove: D:13 (give 16 potions of curing)

Annotations:
D:10 2 transporters, timneilson's ghost, journeyman GrFi
Lair:3 3 runed translucent doors, exclusion: oklob plant, Zoerut Uceps's ghost, journeyman MfGl
Lair:4 2 transporters, Eqaz's ghost, journeyman MiHu
Elf:1 Nikola


Message History

The deep elf knight gestures at you while chanting.
The lance of force hits you!!
You are knocked back by the lance of force.
You slam into the crystal wall!
* * * LOW HITPOINT WARNING * * *
The deep elf zephyrmancer closely misses you.
Your Spellcasting skill increases to level 17!
Unknown command.
You feel much better.
The deep elf pyromancer mumbles some strange words.
The deep elf pyromancer blinks!
Blink to where?
Press: ? - help, Dir - move target
As you read the scroll of blinking, it crumbles to dust.
Nikola gestures wildly while chanting.
Lightning arcs from Nikola's hands!
The bolt of lightning hits the deep elf knight!!!
The deep elf knight dies!
A bolt of lightning appears from out of thin air!
The bolt of lightning hits the +3 glaive of protection!
The +3 glaive of protection resists.
The bolt of lightning hits you! You resist.
* * * LOW HITPOINT WARNING * * *
The bolt of lightning hits the fire elemental!!
The fire elemental resists.
The bolt of lightning hits the deep elf knight!!!
The deep elf knight dies!
The bolt of lightning hits the deep elf zephyrmancer!!!
The deep elf zephyrmancer dies!
The bolt of lightning hits the deep elf knight!!
You block the fire elemental's attack.
The +3 glaive of protection barely misses you.
The deep elf knight casts a spell.
The deep elf knight flickers and vanishes for a moment.
The deep elf zephyrmancer mumbles some strange words.
The deep elf zephyrmancer blinks!
The deep elf archer unwields a +0 short sword.
The deep elf archer wields a +0 shortbow.
The deep elf archer shoots an arrow.
The arrow hits you!!
You die...

....... ..... ##
@.... #.. #§..#
#... #...# ..
#...###)..###...
......e)()...$..
......e☼@)......
......eE..e.....
...###§).###...
. #..)# . #ee.#
...... .......
........#
##...####


You could see Nikola (empowered), a deep elf archer (repels missiles), a deep
elf knight (invisible), a deep elf pyromancer, 3 deep elf zephyrmancers, a fire
elemental and a +3 glaive of protection.

Vanquished Creatures
  A very ugly thing (IceCv)
  A minotaur (Gauntlet)
  An entropy weaver (Gauntlet)
  Snorg (Lair:3)
  An ettin (Orc:1)
  A great orb of eyes (D:15)
  A rakshasa (D:10)
  4 vault guards (D:14)
  7 boulder beetles
  2 catoblepae
  9 hydras
  8 centaur warriors
  8 two-headed ogres
  2 tengu warriors
  3 thrashing horrors (Lair:6)
  Urug (Lair:6)
  4 orc high priests
  Nergalle (Lair:4)
  2 deep elf knights (Elf:1)
  A fire crab (D:14)
  8 skeletal warriors
  2 deep elf archers (Elf:1)
  7 orc knights
  2 wizards (Gauntlet)
  3 deep elf zephyrmancers (Elf:1)
  5 orc sorcerers (Orc:2)
  18 ugly things
  7 deep elf pyromancers
  A wolf spider (Gauntlet)
  A salamander (D:15)
  5 cyclopes
  3 manticores
  Maurice (D:8)
  Joseph (D:8)
  5 black mambas
  3 elephants (Lair:6)
  11 cane toads
  3 gargoyles
  A smoke demon (Lair:6)
  8 rime drakes
  An efreet (D:9)
  8 komodo dragons
  A yaktaur (shapeshifter) (D:15)
  A freezing wraith (D:15)
  A kobold demonologist (D:11)
  2 golden dragon simulacra (IceCv)
  2 guardian mummies (D:13)
  An anaconda simulacrum (IceCv)
  2 ancient zymes (Lair:6)
  2 jumping spiders
  A tengu conjurer (D:14)
  9 trolls
  2 polar bears
  9 slime creatures
  Prince Ribbit (D:5)
  14 dream sheep
  25 blink frogs
  Sigmund (D:5)
  A centaur simulacrum (D:14)
  A tarantella (shapeshifter) (Lair:6)
  A vampire (D:13)
  2 redbacks
  2 ynoxinuls (Lair:6)
  A spriggan (Lair:6)
  11 basilisks
  67 yaks
  2 large abominations (Lair:6)
  4 wraiths
  2 chaos spawn (Lair:6)
  15 wyverns
  11 vampire mosquitoes (D:12)
  3 steam dragons
  A warg (Orc:1)
  2 harpy simulacra (IceCv)
  A hell hound (D:14)
  2 hydra simulacra (IceCv)
  19 water moccasins
  An acid dragon (D:9)
  24 orc warriors
  An ice beast (D:6)
  A black bear (shapeshifter) (D:10)
  A necrophage (D:6)
  2 black bears
  8 ogres
  9 wolves (Lair:3)
  10 centaurs
  10 small abominations (Lair:6)
  A phantom (D:5)
  A kobold brigand (D:8)
  13 bullfrogs
  2 scorpions
  A water moccasin zombie (D:3)
  A lindwurm simulacrum (IceCv)
  5 wights
  5 howler monkeys
  4 electric eels
  A bullfrog zombie (D:5)
  3 centaur zombies
  2 jellies (D:7)
  3 centaur skeletons
  3 gnoll shamans
  23 orc priests
  3 hounds
  Ijyb (D:5)
  18 orc wizards
  4 hell rats (D:14)
  A killer bee zombie (D:8)
  2 hound skeletons
  4 howler monkey zombies
  6 gnolls
  A howler monkey skeleton (D:7)
  3 adders
  5 shadow imps
  3 white imps (Gauntlet)
  A worm (D:3)
  4 dart slugs
  86 orcs
  2 endoplasms
  3 giant cockroaches
  10 goblins
  7 hobgoblins
  6 jackals
  3 quokkas
  5 ball pythons
  2 bats (D:1)
  4 frilled lizards
  10 kobolds
  5 rats
  A butterfly (Lair:5)
720 creatures vanquished.

Vanquished Creatures (others)
  2 deep elf knights (Elf:1)
  A deep elf zephyrmancer (Elf:1)
  220 fulminant prisms
  63 fungi
  103 plants
389 creatures vanquished.

Grand Total: 1109 creatures vanquished

Notes
Turn   | Place    | Note
-------+----------+-------------------------------------------
     0 | D:1      | porpoise the Deep Elf Conjurer began the quest for the Orb.
     0 | D:1      | Reached XP level 1. HP: 10/10 MP: 6/6
   485 | D:1      | Reached XP level 2. HP: 15/15 MP: 3/8
   531 | D:1      | Learned a level 2 spell: Searing Ray
   832 | D:1      | Found a faded altar of an unknown god.
  1291 | D:2      | Reached skill level 4 in Spellcasting
  1291 | D:2      | Reached skill level 5 in Conjurations
  1291 | D:2      | Reached XP level 3. HP: 19/19 MP: 6/10
  2135 | D:3      | Reached XP level 4. HP: 24/24 MP: 6/12
  2138 | D:3      | Reached skill level 5 in Spellcasting
  2394 | D:3      | Reached XP level 5. HP: 25/28 MP: 5/15
  2565 | D:3      | Learned a level 4 spell: Fulminant Prism
  2570 | D:3      | Learned a level 4 spell: Iskenderun's Mystic Blast
  3068 | D:3      | Reached skill level 6 in Spellcasting
  3068 | D:3      | Reached skill level 1 in Hexes
  3964 | D:4      | Reached XP level 6. HP: 32/32 MP: 10/17
  4486 | D:4      | Reached skill level 7 in Spellcasting
  4555 | D:4      | Reached skill level 5 in Hexes
  4555 | D:4      | Reached skill level 1 in Translocations
  4555 | D:4      | Reached XP level 7. HP: 17/36 MP: 11/19
  5833 | D:5      | Entered Level 5 of the Dungeon
  6247 | D:5      | Noticed Prince Ribbit
  6253 | D:5      | Killed Prince Ribbit
  6254 | D:5      | Reached XP level 8. HP: 35/41 MP: 6/20
  6338 | D:5      | Found a sparkling altar of Nemelex Xobeh.
  6372 | D:5      | Noticed Ijyb
  6378 | D:5      | Killed Ijyb
  6620 | D:5      | Reached skill level 5 in Translocations
  7109 | D:5      | Found a hide-covered altar of Uskayaw.
  7129 | D:5      | Noticed Sigmund
  7134 | D:5      | Killed Sigmund
  7135 | D:5      | Reached skill level 8 in Spellcasting
  7462 | D:6      | Reached skill level 1 in Fighting
  7740 | D:6      | Reached skill level 9 in Spellcasting
  9324 | D:6      | Reached XP level 9. HP: 49/49 MP: 20/24
  9520 | D:7      | Reached skill level 10 in Spellcasting
  9990 | D:7      | Noticed a troll
  9996 | D:7      | Killed a troll
 10306 | D:7      | Reached skill level 11 in Spellcasting
 10329 | D:7      | Reached skill level 5 in Fighting
 10680 | D:7      | Upgraded the game from 0.28-a0-664-gc179e30c89 to
                  | 0.28-a0-674-gdaf460b524
 10733 | D:7      | Found a staircase to the Ecumenical Temple.
 10739 | Temple   | Entered the Ecumenical Temple
 10919 | Temple   | Became a worshipper of Vehumet
 11313 | D:8      | Reached skill level 12 in Spellcasting
 11727 | D:8      | Noticed Maurice
 11739 | D:8      | Killed Maurice
 11740 | D:8      | Reached XP level 10. HP: 58/59 MP: 4/28
 11872 | D:8      | Found a staircase to the Lair.
 11879 | D:8      | Reached skill level 5 in Dodging
 12451 | D:8      | Reached * piety under Vehumet
 12451 | D:8      | Offered knowledge of Freeze by Vehumet.
 12521 | D:8      | Reached skill level 1 in Evocations
 12822 | D:8      | Noticed Joseph
 12837 | D:8      | Killed Joseph
 13160 | D:8      | Found a shimmering blue altar of Sif Muna.
 13273 | D:8      | Found a burning altar of Makhleb.
 13348 | D:9      | Noticed a skeletal warrior
 13365 | D:9      | Noticed a centaur warrior
 13370 | D:9      | Killed a skeletal warrior
 13373 | D:9      | Killed a centaur warrior
 13374 | D:9      | Reached skill level 5 in Evocations
 13376 | D:9      | Noticed a two-headed ogre
 13377 | D:9      | Noticed a brown ugly thing
 13379 | D:9      | Noticed a cyclops
 13383 | D:9      | Killed a two-headed ogre
 13384 | D:9      | Reached XP level 11. HP: 61/63 MP: 2/29
 13387 | D:9      | Killed a brown ugly thing
 13570 | D:9      | Identified the +5 scale mail of Kleptomania {rC+}
 13835 | D:9      | Noticed a five-headed hydra
 13836 | D:9      | Reached skill level 1 in Shields
 13853 | D:9      | Killed a five-headed hydra
 15613 | D:10     | Entered Level 10 of the Dungeon
 15613 | D:10     | Found a transporter.
 15613 | D:10     | Found a transporter.
 15627 | D:10     | Noticed a two-headed ogre
 15636 | D:10     | Killed a two-headed ogre
 15731 | D:10     | Noticed a hell hog
 15736 | D:10     | Noticed timneilson's ghost (journeyman GrFi)
 16101 | D:10     | Reached skill level 13 in Spellcasting
 16198 | D:10     | Identified the amulet "Leoprebu" {*Corrode rPois rN+
                  | Regen+}
 16602 | D:10     | Noticed a deep elf pyromancer
 16614 | D:10     | Killed a deep elf pyromancer
 16615 | D:10     | Reached skill level 5 in Stealth
 16750 | D:10     | Noticed a rakshasa
 16771 | D:10     | Killed a rakshasa
 16771 | D:10     | Reached ** piety under Vehumet
 16771 | D:10     | Offered knowledge of Shock by Vehumet.
 17001 | Lair:1   | Entered Level 1 of the Lair of Beasts
 17073 | Lair:1   | Reached XP level 12. HP: 65/68 MP: 20/31
 17463 | Lair:1   | Reached skill level 14 in Spellcasting
 17642 | Lair:1   | Noticed a catoblepas
 17654 | Lair:1   | Killed a catoblepas
 17850 | Lair:1   | Noticed a six-headed hydra
 17861 | Lair:1   | Killed a six-headed hydra
 17935 | Lair:1   | Identified the +4 acid dragon scales of Exclusion {rPois
                  | rF+ rC- Regen+ rCorr}
 17979 | Lair:1   | Offered knowledge of Static Discharge by Vehumet.
 18485 | Lair:2   | Reached skill level 1 in Armour
 18485 | Lair:2   | Reached skill level 10 in Hexes
 18731 | Lair:2   | Noticed an eight-headed hydra
 18741 | Lair:2   | Killed an eight-headed hydra
 18958 | Lair:2   | Reached *** piety under Vehumet
 19431 | Lair:2   | Found a hole to the Spider Nest.
 19779 | Lair:2   | Found a staircase to the Shoals.
 19841 | Lair:2   | Identified the +2 buckler "Reol" {Str+3 Dex+2}
 20043 | Lair:3   | Noticed Snorg
 20053 | Lair:3   | Killed Snorg
 20391 | Lair:3   | Noticed a minotaur
 20408 | Lair:3   | Found a runed translucent gate.
 20408 | Lair:3   | Found a runed translucent gate.
 20408 | Lair:3   | Found a runed translucent gate.
 20412 | Lair:3   | Noticed Zoerut Uceps's ghost (journeyman MfGl)
 20975 | Lair:3   | Offered knowledge of Flame Wave by Vehumet.
 20976 | Lair:3   | Reached XP level 13. HP: 73/73 MP: 29/33
 20990 | Lair:3   | Learned a level 4 spell: Flame Wave
 21592 | Lair:4   | Noticed Eqaz's ghost (journeyman MiHu)
 21593 | Lair:4   | Found a transporter.
 21596 | Lair:4   | Found a transporter.
 21621 | Lair:4   | Reached skill level 5 in Armour
 21900 | Lair:4   | Reached **** piety under Vehumet
 21987 | Lair:4   | Noticed Nergalle
 21993 | Lair:4   | Killed Nergalle
 22721 | Lair:5   | Offered knowledge of Yara's Violent Unravelling by Vehumet.
 23003 | Lair:5   | Reached skill level 1 in Fire Magic
 23303 | Lair:5   | Identified a scroll of acquirement
 23304 | Lair:5   | Acquired a book of Spatial Translocations
 23309 | Lair:5   | Learned a level 2 spell: Blink
 23313 | Lair:5   | Learned a level 3 spell: Lesser Beckoning
 23367 | Lair:5   | You fall into a shaft and drop 1 floor!
 23367 | Lair:6   | Entered Level 6 of the Lair of Beasts
 23389 | Lair:6   | Noticed Urug
 23717 | Lair:5   | Found the +10 dark maul {vorpal}
 24142 | Lair:6   | Killed Urug
 24178 | Lair:6   | Reached skill level 5 in Fire Magic
 24302 | Lair:6   | Found a staircase to the Slime Pits.
 24311 | Lair:6   | Found a viscous altar of Jiyva.
 24681 | Lair:6   | Reached skill level 15 in Spellcasting
 25276 | Lair:6   | Reached ***** piety under Vehumet
 25408 | Lair:6   | Offered knowledge of Iskenderun's Battlesphere by Vehumet.
 25415 | Lair:6   | Learned a level 5 spell: Iskenderun's Battlesphere
 25489 | Lair:6   | Reached XP level 14. HP: 79/82 MP: 27/35
 25677 | Lair:6   | Reached skill level 16 in Spellcasting
 26178 | Lair:6   | Reached skill level 10 in Conjurations
 26188 | Lair:6   | Found a corrupted altar of Lugonu.
 26188 | Lair:6   | Found a one-way gate to the infinite horrors of the Abyss.
 28197 | D:12     | Offered knowledge of Airstrike by Vehumet.
 28204 | D:12     | Learned a level 4 spell: Airstrike
 28389 | D:12     | Found a staircase to the Orcish Mines.
 28905 | D:13     | Found a portal to a secret trove of treasure.
 29483 | D:13     | Identified the +2 chain mail of Acey {*Slow rF+ Dex+4}
 29981 | D:14     | Found a gate leading to a gauntlet.
 29986 | Gauntlet | Entered a Gauntlet
 29986 | Gauntlet | Found a transporter.
 30136 | Gauntlet | Found a runed translucent door.
 30138 | Gauntlet | Found a transporter.
 30140 | Gauntlet | Found a runed translucent door.
 30154 | Gauntlet | Found a transporter.
 30158 | Gauntlet | Found a transporter.
 30178 | Gauntlet | Found a transporter.
 30190 | Gauntlet | Found a runed translucent gate.
 30191 | Gauntlet | Found a transporter.
 30191 | Gauntlet | Found a runed translucent gate.
 30195 | Gauntlet | Found a transporter.
 30199 | Gauntlet | Found a transporter.
 30203 | Gauntlet | Found a runed translucent gate.
 30222 | Gauntlet | Found a transporter.
 30242 | Gauntlet | Found a transporter.
 30246 | Gauntlet | Found a transporter.
 30248 | Gauntlet | Found a runed translucent door.
 30250 | Gauntlet | Found a runed translucent door.
 30254 | Gauntlet | Found a transporter.
 30511 | Gauntlet | Identified the +1 plate armour "Etihosch" {Rampage *Slow
                  | Regen+ Dex+6}
 30512 | Gauntlet | Identified the ring "Dymeff" {rF+ Int+4}
 30524 | Gauntlet | Identified the +6 shortbow "Orb Guardian's Doom" {venom,
                  | Contam rF+++ Str-3 SInv}
 30524 | Gauntlet | Identified the +0 chain mail "Xifioxoa" {*Slow MP+9 Str-5
                  | SInv}
 30539 | Gauntlet | Reached skill level 5 in Shields
 30670 | D:14     | Reached XP level 15. HP: 86/86 MP: 22/37
 31393 | D:14     | Offered knowledge of Fireball by Vehumet.
 31394 | D:14     | Reached skill level 1 in Air Magic
 31732 | D:13     | Reached skill level 10 in Dodging
 32384 | D:14     | Identified the amulet "Yptouwn" {Acrobat Int+4 Dex+4}
 32409 | D:14     | Identified the ring "Vosyif" {Fire *Corrode rPois rN+
                  | Slay+2}
 32412 | D:14     | Reached skill level 5 in Air Magic
 32571 | D:14     | Identified the ring "Waer" {Wiz Stlth+}
 32605 | D:14     | Identified the amulet "Loacw" {RegenMP *Corrode rElec rC+}
 33097 | D:14     | Found a gate to the Vaults.
 33636 | D:15     | Entered Level 15 of the Dungeon
 33678 | D:15     | Found a frozen archway.
 33689 | IceCv    | Entered an ice cave
 33690 | IceCv    | Found a transporter.
 33751 | IceCv    | Found a transporter.
 34404 | D:15     | Found Yhuum's Magic Scroll Emporium.
 34421 | D:15     | Bought a scroll of enchant armour for 105 gold pieces
 34421 | D:15     | Bought a scroll of fog for 28 gold pieces
 34421 | D:15     | Bought a scroll of amnesia for 49 gold pieces
 34421 | D:15     | Bought a scroll of fear for 49 gold pieces
 34421 | D:15     | Bought a scroll of teleportation for 42 gold pieces
 34693 | D:15     | Found a staircase to the Depths.
 34912 | Orc:1    | Entered Level 1 of the Orcish Mines
 35099 | Orc:1    | Found a flagged portal.
 35105 | Bailey   | Entered a bailey
 35868 | Bailey   | Learned a level 5 spell: Fireball
 35955 | Orc:1    | Found Noasoher's Antique Armour Boutique.
 35961 | Orc:1    | Bought a pair of spiked boots for 275 gold pieces
 35961 | Orc:1    | Identified the +4 pair of boots "Jyelon" {Rampage rPois
                  | Stlth+} (You bought it in a shop on level 1 of the Orcish
                  | Mines)
 35961 | Orc:1    | Bought a heavily runed leather armour for 203 gold pieces
 35961 | Orc:1    | Identified the +0 leather armour "Riecw" {Str+3} (You
                  | bought it in a shop on level 1 of the Orcish Mines)
 36122 | Orc:2    | Entered Level 2 of the Orcish Mines
 36124 | Orc:2    | Found a staircase to the Elven Halls.
 36181 | Orc:2    | Reached XP level 16. HP: 92/92 MP: 25/38
 36784 | Orc:2    | Reached ****** piety under Vehumet
 36787 | Orc:2    | Offered knowledge of Iron Shot by Vehumet.
 37127 | Orc:2    | Found Utroru's Distillery.
 37127 | Orc:2    | Found Riyw's Assorted Antiques.
 37128 | Orc:2    | Found Risideb's Armour Shop.
 37128 | Orc:2    | Found Darcha Reni's Armour Shop.
 37148 | Orc:2    | Bought a potion of curing for 66 gold pieces
 37160 | Orc:2    | Bought 2 potions of heal wounds for 140 gold pieces
 37160 | Orc:2    | Bought a potion of curing for 42 gold pieces
 37160 | Orc:2    | Bought a potion of curing for 42 gold pieces
 37160 | Orc:2    | Bought a potion of heal wounds for 70 gold pieces
 37160 | Orc:2    | Bought a potion of lignification for 42 gold pieces
 37395 | Elf:1    | Entered Level 1 of the Elven Halls
 37395 | Elf:1    | Noticed Nikola
 37403 | Elf:1    | Reached skill level 17 in Spellcasting
 37404 | Elf:1    | Shot with an arrow by a deep elf archer

Illustrated notes

Levels and vault maps discovered:
D:1:      saegor_arrival_simple_c, layout_loops_corners,
          ebering_ecumenical_altar_abandoned
D:2:      layout_basic
D:3:      layout_basic
D:4:      layout_basic
D:5:      layout_loops_corners, nicolae_uskayaw_dance_hall,
          mainiacjoe_overflow_six_doors_small, uniq_ijyb, uniq_prince_ribbit1,
          uniq_sigmund
D:6:      layout_basic, hex_medium
D:7:      cheibrodos_barr_body, layout_rooms, minmay_temple_entry_purple_smoke,
          kennysheep_generic_room_15
D:8:      layout_cave_pods, lemuel_doored_altar, marbit_many_paths,
          minmay_lair_entry_grove, uniq_maurice, uniq_joseph
D:9:      minmay_bloctagon_deflated, layout_basic
D:10:     layout_roguey, gammafunk_ghost_abyssal_escape
D:11:     layout_irregular_city, minmay_misc_feat_nine_boxes
D:12:     layout_small_grid, hiddenorc1_lemuel, minmay_misc_feat_plants
D:13:     layout_loops_corners, nicolae_trove_entry_path_of_doom
D:14:     minmay_the_grid_triangle_9x9_recursive_2
          [minmay_the_grid_triangle_9x9_prize_special,
          minmay_the_grid_triangle_9x9_warning,
          minmay_the_grid_triangle_9x9_from_above,
          minmay_the_grid_triangle_9x9_skeleton], layout_cave_pools,
          lightli_vaults_fourway_checkpoint, gauntlet_entry_generic,
          special_room [special_room_mythical_zoo], minivault_27,
          grunt_decor_cap, chequers_serial_rivers_micro_b
D:15:     hangedman_depths_entry_try_elsewhere_first, layout_basic,
          serial_shops, shop_scrolls, minivault_19,
          portal_ice_cave_entry_pillars_2
Temple:   dpeg_five_rooms_temple
Lair:1:   layout_cave_shapes, minivault_19, minmay_shattered_shrine,
          lemuel_fruit_fields
Lair:2:   layout_roguey, shoals_dummy_entry, spider_nest_entry_a,
          grunt_megastairs_3
Lair:3:   beast_lair_carwin_large_1, layout_small_grid,
          maelrawn_ghost_gauntlet_escape, uniq_snorg
Lair:4:   layout_regular_city, gammafunk_ghost_hive, uniq_nergalle
Lair:5:   layout_loops_ring, infiniplex_staircase_pool, lemuel_fruit_fields,
          grunt_megastairs_1
Lair:6:   hellmonk_lair_end_abyssal_woods, layout_regular_city, slime_altar_1,
          infiniplex_staircase_pool_2, lemuel_fruit_fields, uniq_urug
Orc:1:    layout_caves, serial_shops, shop, enter_bailey_3
Orc:2:    st_orc_elflike, layout_diamond_mine, basic_altar
Elf:1:    minmay_elf_arrival_circle, layout_geoelf_grid, serial_shops,
          nicolae_lakefront_shop, ebering_ghost_rock_garden,
          hangedman_corner_corridor, bh_hangedman_babel_library, uniq_nikola

Skill      XL: |  1  2  3  4  5  6  7  8  9 10 11 12 13 14 15 16 |
---------------+-------------------------------------------------+-----
Spellcasting   | 4 5 6 7 9 12 13 14 15 16 17 | 17.1
Conjurations   | 5 7 9 12 | 12.9
Hexes          | 3 5 7 9 12 14 | 14.0
Translocations | 1 4 5 7 9 |  9.0
Fighting       | 2 5 7 |  7.0
Dodging        | 4 7 9 12 | 12.0
Evocations     | 5 |  5.0
Stealth        | 3 6 7 |  7.0
Shields        | 4 5 7 |  7.0
Armour         | 4 5 |  5.0
Fire Magic     | 7 9 |  9.2
Air Magic      | 7 |  7.0

Action                   |  1- 3 |  4- 6 |  7- 9 | 10-12 | 13-15 | 16-18 || total
-------------------------+-------+-------+-------+-------+-------+-------++-------
Melee: Short sword       |       |     5 |       |     1 |       |       ||     6
       Hand axe          |       |       |     1 |       |       |       ||     1
 Fire: Hunting sling     |       |       |    52 |    93 |   122 |    26 ||   293
Throw: Dart              |       |       |       |       |     9 |       ||     9
       Javelin           |       |       |       |       |     1 |       ||     1
 Cast: Magic Dart        |    63 |    64 |    30 |       |   217 |    35 ||   409
       Searing Ray       |     2 |    17 |    47 |    77 |   151 |     6 ||   300
       Fulminant Prism   |       |     1 |    27 |    75 |   103 |    15 ||   221
       Iskenderun's Myst |       |       |    25 |   101 |   187 |     5 ||   318
       Flame Wave        |       |       |       |       |    18 |     2 ||    20
       Iskenderun's Batt |       |       |       |       |    66 |     6 ||    72
       Airstrike         |       |       |       |       |     1 |       ||     1
Evoke: Wand              |       |       |       |    12 |     4 |       ||    16
  Use: Scroll            |       |       |    11 |    12 |    11 |     1 ||    35
       Potion            |       |       |       |     2 |       |     1 ||     3
Armor: Robe              |       |     2 |    14 |    14 |       |       ||    30
       Skin              |       |       |       |     2 |       |       ||     2
       Acid dragon scale |       |       |       |     7 |    96 |     2 ||   105
Dodge: Dodged            |     3 |    16 |    25 |    72 |   162 |    15 ||   293
Block: Buckler           |       |       |       |    10 |    94 |     4 ||   108

Table legend: (Time is in decaauts)
 A = Elapsed time spent in this place.
 B = Non-inter-level travel time spent in this place.
 C = Inter-level travel time spent in this place.
 D = Time resting spent in this place.
 E = Time spent auto-exploring this place.
 F = Levels seen in this place.
 G = Mean time per level.
                   A        B        C        D        E       F      G
               +--------+--------+--------+--------+--------+-----+--------+
         Total |  37506 |  35920 |   1586 |  16014 |  12640 |  28 | 1339.5 |
       Dungeon |  24509 |  23252 |   1257 |  11213 |   8810 |  15 | 1633.9 |
        Temple |    211 |    180 |     31 |      0 |    165 |   1 |  211.0 |
          Lair |   9562 |   9308 |    254 |   3404 |   2903 |   6 | 1593.7 |
  Orcish Mines |   1663 |   1621 |     42 |    653 |    570 |   2 |  831.5 |
   Elven Halls |      8 |      8 |      0 |      0 |      0 |   1 |    8.0 |
        Bailey |    785 |    785 |      0 |    390 |     13 |   1 |  785.0 |
      Ice Cave |     90 |     90 |      0 |     40 |      0 |   1 |   90.0 |
      Gauntlet |    675 |    675 |      0 |    314 |    178 |   1 |  675.0 |
               +--------+--------+--------+--------+--------+-----+--------+

Top non-repeatable levels by time:
     D:9: 2479 daAuts
  Lair:6: 2229 daAuts
     D:6: 2183 daAuts
     D:3: 2134 daAuts
    D:13: 2048 daAuts
     D:8: 1976 daAuts
    D:14: 1953 daAuts
     D:4: 1803 daAuts
     D:5: 1789 daAuts
     D:7: 1676 daAuts
  Lair:1: 1637 daAuts
  Lair:2: 1614 daAuts
  Lair:5: 1571 daAuts
  Lair:3: 1514 daAuts
    D:10: 1367 daAuts
